Map: Blueshift LE

Players

barthak - Winner!

  • Race: Protoss Protoss
  • League: Gold
  • Spawn Location: 7:00

evilcupcakes

  • Race: Protoss Protoss
  • Spawn Location: 1:00

VOD

Have the link to the VOD?

Description

Time

  • Played on: Aug. 16, 2018, 9:33 p.m.
  • Length: 11:30
Show
View Real Time Build Order
Export as new Build Order

barthak Protoss - Winner!

Build Orders:  

Get SALT Encoding   

  12  0:01  Probe  
  13  0:13  Probe  
  14  0:21  Pylon  
  14  0:26  Probe  
  15  0:39  Probe  
  16  0:47  Forge  
  16  0:53  Gateway  
  16  1:00  Probe  
  17  1:26  Pylon  
  17  1:28  Probe  
  18  1:53  Pylon x2  
  18  1:57  Pylon  
  17  2:12  Assimilator  
  17  2:21  Nexus  
  17  2:25  Photon Cannon  
  17  2:26  Photon Cannon  
  17  2:29  Probe, Gateway  
  18  2:35  Pylon  
  18  2:37  Probe  
  19  2:45  Probe  
  19  2:49  Cybernetics Core  
  20  3:00  Probe  
  21  3:08  Zealot  
  21  3:12  Probe  
  24  3:17  Warp Gate  
  24  3:25  Zealot  
  26  3:32  Pylon  
  26  3:35  Probe x2  
  28  3:43  Probe x2  
  28  3:45  Assimilator  
  30  3:48  Assimilator  
  30  3:51  Probe  
  30  3:52  Probe  
  30  3:56  Stalker  
  30  4:00  Assimilator  
  34  4:11  Gateway  
  34  4:25  Probe x2  
  36  4:37  Probe x2  
  38  4:43  Pylon  
  38  4:45  Pylon  
  38  4:47  Stargate  
  38  4:55  Probe x2  
  40  5:00  Stalker  
  42  5:07  Probe x2  
  44  5:23  Stalker x2  
  48  5:29  Void Ray  
  48  5:32  Pylon  
  52  5:53  Robotics Facility, Stalker x3  
  58  6:02  Void Ray  
  58  6:17  Zealot x2  
  58  6:18  Zealot  
  68  6:33  Immortal, Nexus  
  68  6:35  Void Ray  
  76  6:51  Pylon  
  76  6:53  Pylon  
  76  6:57  Sentry  
  78  7:08  Immortal  
  78  7:13  Void Ray  
  86  7:39  Probe  
  86  7:40  Probe  
  88  7:47  Pylon, Probe  
  88  7:48  Pylon  
  88  7:50  Pylon  
  89  7:52  Probe x2  
  89  7:56  Void Ray  
  95  7:59  Immortal, Probe  
  95  8:04  Probe  
  101  8:11  Probe  
  52  8:54  Fleet Beacon  
  52  8:56  Stargate  
  52  8:57  Stargate  
  52  9:00  Void Ray  
  52  9:02  Immortal  
  60  9:11  Assimilator  
  60  9:15  Assimilator  
  51  9:32  Carrier  
  57  9:47  Immortal  
  57  9:50  Zealot  
  49  10:00  Gateway x2  
  49  10:02  Gateway  
  49  10:12  Nexus  
  55  11:03  Zealot  
Show
View Real Time Build Order
Export as new Build Order

evilcupcakes Protoss 

Build Orders:  

Get SALT Encoding   

  12  0:01  Probe  
  13  0:16  Pylon, Probe  
  14  0:24  Probe  
  14  0:29  Assimilator  
  14  0:34  Probe  
  16  0:44  Gateway  
  16  0:48  Probe  
  17  0:57  Probe  
  18  1:05  Probe  
  19  1:12  Gateway  
  19  1:14  Probe  
  20  1:33  Pylon  
  20  1:41  Probe  
  20  1:43  Assimilator  
  20  1:44  Pylon  
  21  1:54  Probe  
  22  2:02  Zealot x2  
  22  2:06  Probe  
  27  2:18  Probe  
  28  2:26  Cybernetics Core  
  28  2:30  Probe  
  29  2:45  Nexus  
  29  2:51  Probe  
  29  2:56  Forge  
  30  2:59  Probe  
  30  3:00  Warp Gate  
  31  3:18  Pylon  
  31  3:22  Pylon  
  31  3:36  Stalker  
  31  3:37  Photon Cannon  
  33  3:42  Robotics Facility  
  33  3:49  Photon Cannon  
  33  3:57  Probe  
  34  4:05  Probe  
  35  4:10  Protoss Ground Weapons Level 1  
  35  4:15  Probe  
  36  4:27  Pylon  
  36  4:32  Twilight Council  
  36  4:36  Photon Cannon  
  36  4:41  Probe  
  37  4:48  Pylon  
  37  4:49  Probe  
  37  4:50  Pylon  
  37  4:55  Immortal  
  42  5:01  Probe  
  42  5:04  Probe  
  43  5:09  Probe  
  43  5:12  Probe  
  45  5:18  Probe  
  45  5:21  Probe, Gateway  
  47  5:22  Gateway  
  48  5:29  Gateway  
  48  5:35  Stalker  
  48  5:36  Stalker  
  52  5:46  Probe  
  52  5:48  Blink  
  53  5:52  Observer  
  54  5:58  Probe  
  54  6:01  Assimilator  
  54  6:03  Assimilator  
  55  6:06  Zealot  
  55  6:07  Zealot  
  55  6:10  Probe  
  60  6:13  Observer  
  61  6:19  Photon Cannon  
  61  6:21  Shield Battery, Photon Cannon  
  61  6:22  Shield Battery  
  61  6:29  Pylon  
  61  6:40  Stalker x3  
  61  6:41  Zealot  
  69  7:01  Protoss Shields Level 1  
  69  7:02  Immortal  
  69  7:05  Stalker x2  
  69  7:06  Stalker x2  
  81  7:15  Stalker  
  83  7:21  Photon Cannon  
  83  7:24  Photon Cannon  
  83  7:43  Stalker  
  83  7:44  Stalker x4  
  87  8:22  Stalker x5  
  75  8:54  Charge  
  75  8:56  Protoss Ground Weapons Level 2  
  75  8:59  Immortal  
  79  9:04  Pylon  
  79  9:07  Pylon  
  79  9:53  Immortal  
  79  9:59  Stalker  
  85  10:33  Immortal  
  79  10:58  Stalker x3  
  79  11:00  Stalker  
  79  11:01  Stalker  
Tags
 
League
Gold
Matchup
PvP
Spawn Locations
Cross Positions
Add a new tag
Caveats
  • Supply blocks, unpowered buildings, or Contaminate may cause inaccurate times.
  • Supply counts are checked every 10 seconds.